 Dungeon Crawl Stone Soup version 0.28-a0-8-g6e044cfa68 (webtiles) character file.

Game seed: 7199929563783906009

24643 Sin92 the Carver (level 12, -5/92 (96) HPs)
             Began as a Demonspawn Fighter on July 24, 2021.
             Was a High Priest of Okawaru.
             Killed by drain life
             ... invoked by a soul eater
              (7 damage)
             ... on level 13 of the Dungeon on July 25, 2021.
             The game lasted 00:30:10 (14387 turns).

Sin92 the Carver (Demonspawn Fighter)              Turns: 14387, Time: 00:30:10

HP:   -5/92 (96)    AC: 29    Str: 18    XL:     12   Next: 82%
MP:   18/18         EV: 12    Int: 10    God:    Okawaru [*****.]
Gold: 667           SH: 17    Dex: 22    Spells: 11/11 levels left

rFire   . . .      SeeInvis .   w - +8 falchion "Vaob" {flame, rElec}
rCold   + . .      Faith    .   c - +0 kite shield
rNeg    + . .      Spirit   .   D - +5 plate armour {Will+}
rPois   .          Reflect  +   o - +0 helmet
rElec   +          Harm     .   j - +0 cloak
rCorr   .          Rampage  .   f - +1 pair of gloves
Will    +....                   M - +1 pair of boots "Kaoxom" {rC+ rN+}
Stlth   ..........              e - amulet of reflection
HPRegen 0.25/turn               C - +6 ring of dexterity
MPRegen 0.32/turn               s - +4 ring of evasion

@: lightly drained
A: thin metallic scales 2, magic regeneration, demonic magic 1
a: Renounce Religion, Heroism, Finesse


You were on level 13 of the Dungeon.
You worshipped Okawaru.
Okawaru was extremely pleased with you.
You visited 1 branch of the dungeon, and saw 12 of its levels.

You collected 667 gold pieces.

Inventory:

Hand Weapons
 a - a +1 long sword
 g - a +3 falchion
 w - the +8 falchion "Vaob" (weapon) {flame, rElec}
   (You found it on level 7 of the Dungeon)

   It burns those it strikes, dealing additional fire damage.
   Big, fiery blades are also staple armaments of hydra-hunters.
   rElec:     It insulates you from electricity.
 F - the +3 spear of Idapsuqo {flame, Int+7 Dex+3}
   (You took it off a centaur warrior on level 10 of the Dungeon)

   It burns those it strikes, dealing additional fire damage.
   Int:       It affects your intelligence (+7).
   Dex:       It affects your dexterity (+3).
Missiles
 d - 2 throwing nets (quivered)
 J - 6 atropa-tipped darts
Armour
 b - a +0 scale mail
 c - a +0 kite shield (worn)
 f - a +1 pair of gloves (worn)
 i - a +0 pair of boots
 j - a +0 cloak (worn)
 k - a +2 scale mail of cold resistance
 o - a +0 helmet (worn)
 D - a +5 plate armour of willpower (worn)
 M - the +1 pair of boots "Kaoxom" (worn) {rC+ rN+}
   (You acquired it on level 10 of the Dungeon)

   rC:        It protects you from cold.
   rN:        It protects you from negative energy.
Jewellery
 e - an amulet of reflection (around neck)
 h - a ring of positive energy
 s - a +4 ring of evasion (right hand)
 y - a ring of fire
 C - a +6 ring of dexterity (left hand)
 G - the ring of Zesu {Ice rElec Will++ Str-4 Dex+3}
   (You took it off a centaur warrior on level 10 of the Dungeon)

   [ring of ice]

   It enhances your ice magic.
   Str:       It affects your strength (-4).
   Dex:       It affects your dexterity (+3).
   rF:        It makes you vulnerable to fire.
   rC:        It protects you from cold.
   rElec:     It insulates you from electricity.
   Will:      It greatly increases your willpower.
Wands
 r - a wand of iceblast (8)
 u - a wand of mindburst (27)
 x - a wand of polymorph (14)
 B - a wand of paralysis (6)
 I - a wand of acid (17)
 K - a wand of flame (5)
Scrolls
 l - 4 scrolls of teleportation
 n - 9 scrolls of identify
 q - a scroll of amnesia
 t - a scroll of magic mapping
 v - 3 scrolls of blinking
 E - 3 scrolls of enchant weapon
 O - a scroll of silence
Potions
 m - a potion of magic
 p - 2 potions of attraction
 z - a potion of flight
 A - 2 potions of lignification
 H - a potion of brilliance


   Skills:
 + Level 9.4 Fighting
 * Level 11.5 Long Blades
 + Level 8.6 Armour
 - Level 6.3 Dodging
 + Level 8.6 Shields
 - Level 8.5 Invocations


You had 11 spell levels left.
You didn't know any spells.
Your spell library contained the following spells:

 Spells                   Type           Power      Damage    Failure   Level
 Animate Skeleton         Necr           0%         N/A       100%        1
 Apportation              Tloc           0%         N/A       100%        1
 Corona                   Hex            0%         N/A       100%        1
 Freeze                   Ice            0%         1d3       100%        1
 Summon Small Mammal      Summ           0%         N/A       100%        1
 Static Discharge         Conj/Air       0%         N/A       100%        2
 Frozen Ramparts          Ice            0%         1d2       100%        3
 Animate Dead             Necr           0%         N/A       100%        4
 Hailstorm                Conj/Ice       0%         3d3       100%        4
 Lightning Bolt           Conj/Air       0%         1d11      100%        5
 Haunt                    Necr/Summ      0%         N/A       100%        7
 Infestation              Necr           0%         N/A       100%        8
 Maxwell's Capacitive Co  Air            0%         ∞         100%        8


Dungeon Overview and Level Annotations

Branches:
Dungeon (13/15)            Temple (0/1) D:6             Orc (0/2) D:12
   Lair: D:8-11      Vaults: D:13-14

Altars:
Cheibriados
Elyvilon
Gozag
Makhleb
Okawaru
Sif Muna
Xom
Zin


Innate Abilities, Weirdness & Mutations

You are mostly covered in thin metallic scales. (AC +3)
You regenerate magic rapidly.
Spells you cast may paralyse adjacent enemies.


Message History

The necromancer flickers and vanishes!
Deactivating autopickup; reactivate with Ctrl-A.
You block the soul eater's attack.
Unknown command.
You hit the soul eater but do no damage.
The soul eater is moderately wounded.
You hear some strange, mumbled words.
Your body is wracked with pain!
* * * LOW HITPOINT WARNING * * *
Unknown command.
You slash the soul eater! You burn the soul eater.
The soul eater is heavily wounded.
You block the soul eater's attack.
You hear some strange, mumbled words.
Your body is wracked with pain!
* * * LOW HITPOINT WARNING * * *
You hit the soul eater but do no damage.
The soul eater is heavily wounded.
The soul eater hits you.
* * * LOW HITPOINT WARNING * * *
Something completely misses you.
Unknown command.
You hit the soul eater but do no damage.
The soul eater is heavily wounded.
The soul eater hits you but does no damage.
You hear some strange, mumbled words.
A bolt of negative energy appears from out of thin air!
The bolt of negative energy misses you.
Unknown command.
Okay, then.
Blink to where?
Press: ? - help, Dir - move target
As you read the scroll of blinking, it crumbles to dust.
Found a scroll of silence and a potion of might.
You open the door.
The soul eater draws from the surrounding life force!
* * * LOW HITPOINT WARNING * * *
The soul eater is healed.
Something hits you but does no damage.
The soul eater draws from the surrounding life force!
You die...

#.##...# #....!.# #.
#..## #......# # #..# ##
.#.#..# # #.## ..#
.....?# #.##.# ...#
......# #....# ....
##.## #...######.#..##..
......##...#............
.......@.3...###########
......##.{.#.# ##.##
#...##.# ......##.#
......##.# .#.#..##.#
#......##.# #......##.#


You could see a soul eater.

Vanquished Creatures
  2 boulder beetles
  A hydra (D:10)
  4 two-headed ogres
  5 centaur warriors
  A deep elf zephyrmancer (D:10)
  2 ugly things (D:10)
  A cyclops (D:11)
  A manticore (D:12)
  A spectral centaur (D:13)
  Maurice (D:9)
  2 gargoyles
  A kobold demonologist (D:10)
  2 unseen horrors (D:11)
  6 trolls
  A hornet (D:10)
  Prince Ribbit (D:6)
  6 slime creatures (D:12)
  2 centaur simulacra (D:13)
  A shadow (D:11)
  10 yaks
  2 wyverns (D:9)
  2 wraiths
  A basilisk (D:10)
  7 vampire mosquitoes
  An acid dragon (D:10)
  7 orc warriors
  2 ice beasts
  A necrophage (D:5)
  A sky beast (D:6)
  2 ogres
  3 centaurs
  A phantom (D:4)
  2 bullfrogs
  2 gnoll sergeants
  5 scorpions
  A wyvern skeleton (D:5)
  5 killer bees (D:6)
  8 electric eels
  4 wights (D:6)
  A howler monkey (D:12)
  9 centaur zombies
  A crimson imp (D:6)
  2 jellies
  A bullfrog zombie (D:6)
  3 hounds
  4 orc priests
  Crazy Yiuf (D:2)
  A bullfrog skeleton (D:5)
  Natasha (twice) (D:4)
  An iguana (D:7)
  7 orc wizards
  Terence (D:2)
  A howler monkey zombie (D:5)
  7 gnolls
  5 adders
  A shadow imp (D:7)
  An ufetubus (D:5)
  2 adder skeletons (D:4)
  A worm (D:3)
  3 dart slugs
  25 orcs
  6 endoplasms
  4 giant cockroaches
  9 goblins
  7 hobgoblins
  2 jackals (D:1)
  6 quokkas
  11 ball pythons
  5 bats
  4 frilled lizards
  8 kobolds
  4 rats
  A butterfly (D:6)
255 creatures vanquished.

Vanquished Creatures (collateral kills)
  A boulder beetle (D:12)
  A wraith (D:12)
2 creatures vanquished.

Grand Total: 257 creatures vanquished

Notes
Turn   | Place    | Note
-------+----------+-------------------------------------------
     0 | D:1      | Sin92 the Demonspawn Fighter began the quest for the Orb.
     0 | D:1      | Reached XP level 1. HP: 18/18 MP: 1/1
    99 | D:1      | Reached skill level 2 in Long Blades
   214 | D:1      | Gained mutation: You are partially covered in thin metallic
                  | scales. (AC +2) [demonic ancestry]
   214 | D:1      | Reached XP level 2. HP: 24/24 MP: 2/2
   462 | D:1      | Found a faded altar of an unknown god.
   767 | D:1      | Reached XP level 3. HP: 29/29 MP: 3/3
  1107 | D:1      | Reached skill level 1 in Dodging
  1451 | D:2      | Noticed Terence
  1458 | D:2      | Killed Terence
  1459 | D:2      | Reached XP level 4. HP: 25/35 MP: 4/4
  1562 | D:2      | Found a shimmering altar of Xom.
  1956 | D:2      | Found a runed translucent door.
  1957 | D:2      | Noticed Crazy Yiuf
  2043 | D:2      | Killed Crazy Yiuf
  2044 | D:2      | Reached skill level 3 in Long Blades
  2387 | D:3      | Gained mutation: Spells you cast may paralyse adjacent
                  | enemies. [demonic ancestry]
  2387 | D:3      | Reached XP level 5. HP: 27/41 MP: 5/5
  3222 | D:4      | Noticed an ogre
  3231 | D:4      | Killed an ogre
  3232 | D:4      | Reached XP level 6. HP: 40/48 MP: 6/6
  3303 | D:4      | Found a faded altar of an unknown god.
  3303 | D:4      | Found a shimmering blue altar of Sif Muna.
  3311 | D:4      | Found an iron altar of Okawaru.
  3313 | D:4      | Found a faded altar of an unknown god.
  3315 | D:4      | Found a snail-covered altar of Cheibriados.
  3318 | D:4      | Became a worshipper of Warmaster Okawaru
  4005 | D:4      | Reached skill level 4 in Long Blades
  4034 | D:4      | Reached skill level 1 in Invocations
  4078 | D:4      | Noticed Natasha
  4087 | D:4      | Killed Natasha
  4170 | D:4      | Noticed Natasha
  4178 | D:4      | Killed Natasha
  4179 | D:4      | Gained mutation: You are mostly covered in thin metallic
                  | scales. (AC +3) [demonic ancestry]
  4179 | D:4      | Reached XP level 7. HP: 51/54 MP: 8/8
  4448 | D:4      | Reached * piety under Okawaru
  4573 | D:5      | Entered Level 5 of the Dungeon
  5864 | D:6      | Noticed Prince Ribbit
  5883 | D:6      | Reached skill level 5 in Long Blades
  5883 | D:6      | Reached XP level 8. HP: 46/61 MP: 7/10
  5933 | D:6      | Killed Prince Ribbit
  5933 | D:6      | Reached ** piety under Okawaru
  6137 | D:6      | Reached skill level 5 in Fighting
  6248 | D:6      | Reached skill level 6 in Long Blades
  6640 | D:6      | Reached XP level 9. HP: 50/68 MP: 12/12
  6652 | D:6      | Reached skill level 5 in Shields
  7014 | D:6      | Found a staircase to the Ecumenical Temple.
  7079 | D:6      | You fall into a shaft and drop 1 floor!
  7109 | D:7      | Identified the +8 falchion "Vaob" {flame, rElec}
  7117 | D:7      | Reached skill level 5 in Armour
  7184 | D:6      | Found a shimmering altar of Xom.
  7241 | D:6      | Found a burning altar of Makhleb.
  7544 | D:7      | Reached skill level 5 in Invocations
  7570 | D:7      | Reached *** piety under Okawaru
  7742 | D:7      | You fall into a shaft and drop 3 floors!
  7742 | D:10     | Entered Level 10 of the Dungeon
  7755 | D:9      | Noticed a two-headed ogre
  7773 | D:9      | Killed a two-headed ogre
  7774 | D:9      | Reached skill level 7 in Long Blades
  7802 | D:9      | Reached **** piety under Okawaru
  7818 | D:9      | Gained mutation: You regenerate magic rapidly. [demonic
                  | ancestry]
  7818 | D:9      | Reached XP level 10. HP: 35/76 MP: 14/14
  8118 | D:9      | Noticed Maurice
  8130 | D:9      | Killed Maurice
  8131 | D:9      | Reached skill level 5 in Dodging
  8331 | D:10     | Reached skill level 8 in Long Blades
  8343 | D:10     | HP: 1/77 [troll (7)]
  8346 | D:10     | Reached ***** piety under Okawaru
  8800 | D:10     | Noticed a red ugly thing
  8808 | D:10     | Noticed a boulder beetle
  8815 | D:10     | Killed a red ugly thing
  8815 | D:10     | Received a gift from Okawaru
  8834 | D:10     | Noticed a six-headed hydra
  8857 | D:10     | Killed a one-headed hydra
  8858 | D:10     | Reached XP level 11. HP: 25/84 MP: 16/16
  8868 | D:10     | Killed a boulder beetle
  8869 | D:10     | Reached skill level 9 in Long Blades
  8954 | D:10     | Identified the +3 spear of Idapsuqo {flame, Int+7 Dex+3}
  8954 | D:10     | Noticed a centaur warrior
  8960 | D:10     | Killed a centaur warrior
  9114 | D:10     | Identified the ring of Zesu {Ice rElec Will++ Str-4 Dex+3}
  9114 | D:10     | Noticed a centaur warrior
  9121 | D:10     | Killed a centaur warrior
  9483 | D:10     | Found an opulent altar of Gozag.
  9578 | D:10     | Noticed a centaur warrior
  9586 | D:10     | Killed a centaur warrior
  9698 | D:10     | Noticed a purple ugly thing
  9711 | D:10     | Killed a purple ugly thing
 10695 | D:10     | Noticed a deep elf zephyrmancer
 10721 | D:10     | Killed a deep elf zephyrmancer
 10771 | D:10     | Identified a scroll of acquirement
 10771 | D:10     | Acquired the +1 pair of boots "Kaoxom" {rC+ rN+}
 10848 | D:11     | Noticed a two-headed ogre
 10866 | D:11     | Killed a two-headed ogre
 10867 | D:11     | Reached skill level 10 in Long Blades
 11364 | D:11     | You fall into a shaft and drop 1 floor!
 11366 | D:12     | Noticed a boulder beetle
 11402 | D:12     | Killed a boulder beetle
 11402 | D:12     | Received a gift from Okawaru
 11403 | D:12     | Reached XP level 12. HP: 15/94 MP: 18/18
 12690 | D:12     | Noticed a two-headed ogre
 12698 | D:12     | Killed a two-headed ogre
 12715 | D:12     | Noticed a centaur warrior
 12737 | D:12     | Killed a centaur warrior
 12759 | D:12     | Reached skill level 11 in Long Blades
 13832 | D:12     | Found a staircase to the Orcish Mines.
 14018 | D:12     | Noticed a two-headed ogre
 14029 | D:12     | Killed a two-headed ogre
 14140 | D:13     | Noticed a boulder beetle
 14199 | D:13     | Noticed a centaur warrior
 14229 | D:13     | Killed a centaur warrior
 14242 | D:13     | Killed a boulder beetle
 14386 | D:13     | HP: 2/92 [soul eater/drain life (9)]
 14387 | D:13     | Killed from afar by a soul eater

Illustrated notes

Levels and vault maps discovered:
D:1:      onia_arrival_pentagram, layout_loops_ring,
          chequers_ecumenical_altar_simple, chequers_serial_rivers_room_b
D:2:      layout_loops_cross, basic_altar, uniq_crazy_yiuf_cottage, uniq_terence
D:3:      layout_rooms
D:4:      wad_crossroads, layout_layer_cave,
          chequers_temple_overflow_minitemple, grunt_decor_mini_mirrors,
          uniq_natasha
D:5:      layout_loops_ring, zin_academy, lemuel_round_altar,
          grunt_ministairs_5, hangedman_decor_lopped
D:6:      layout_loops_corners, grunt_temple_overflow_champion_of_chaos,
          minmay_temple_entry_butterflies, uniq_prince_ribbit1
D:7:      layout_basic
D:9:      layout_basic, uniq_maurice, uniq_erica, uniq_psyche
D:10:     minmay_the_grid_octo_tiled_octocenter [minmay_the_grid_octo_empty,
          minmay_the_grid_octo_focus, minmay_the_grid_octo_teeth,
          minmay_the_grid_octo_77, minmay_the_grid_octo_prize_big_c,
          minmay_the_grid_square_5x5_empty, minmay_the_grid_square_5x5_shrine2,
          minmay_the_grid_square_5x5_seven,
          minmay_the_grid_square_5x5_two_walls_b], layout_basic,
          mainiacjoe_overflow_alcove_2, minmay_librarian
D:11:     layout_rooms
D:12:     layout_rooms, david_orc_4
D:13:     evilmike_negative_zone, layout_basic, enter_bailey_3,
          grunt_ministairs_9, minmay_misc_feat_x

Skill      XL: |  1  2  3  4  5  6  7  8  9 10 11 12 |
---------------+-------------------------------------+-----
Long Blades    | 2 3 4 5 6 7 8 10 11 | 11.5
Dodging        | 1 2 3 4 5 6 |  6.3
Shields        | 3 4 5 6 7 8 |  8.6
Armour         | 3 4 5 6 7 8 |  8.6
Fighting       | 4 5 6 7 8 9 |  9.4
Invocations    | 1 3 4 6 7 8 |  8.5

Action                   |  1- 3 |  4- 6 |  7- 9 | 10-12 || total
-------------------------+-------+-------+-------+-------++-------
Melee: Long sword        |   141 |   154 |   288 |       ||   583
       Falchion          |       |       |    94 |   731 ||   825
Invok: Heroism           |       |       |     3 |       ||     3
       Finesse           |       |       |       |     5 ||     5
  Use: Scroll            |     1 |     6 |     6 |    11 ||    24
       Potion            |       |     1 |     9 |     4 ||    14
 Stab: Invisible         |       |       |       |     7 ||     7
Armor: Scale mail        |    98 |    68 |   133 |    82 ||   381
       Plate armour      |       |       |       |   266 ||   266
Dodge: Dodged            |    48 |    30 |   107 |   268 ||   453
Block: Kite shield       |   117 |   117 |   314 |   600 ||  1148
       Reflection        |     1 |     1 |     2 |    33 ||    37
       Rpst.: Long sword |    11 |     8 |    23 |       ||    42
       Falchion          |       |       |    14 |    60 ||    74

Table legend: (Time is in decaauts)
 A = Elapsed time spent in this place.
 B = Non-inter-level travel time spent in this place.
 C = Inter-level travel time spent in this place.
 D = Time resting spent in this place.
 E = Time spent auto-exploring this place.
 F = Levels seen in this place.
 G = Mean time per level.
                   A        B        C        D        E       F      G
               +--------+--------+--------+--------+--------+-----+--------+
         Total |  14590 |  14358 |    232 |   3018 |   8266 |  12 | 1215.8 |
       Dungeon |  14590 |  14358 |    232 |   3018 |   8266 |  12 | 1215.8 |
               +--------+--------+--------+--------+--------+-----+--------+

Top non-repeatable levels by time:
    D:10: 2654 daAuts
     D:6: 1608 daAuts
    D:11: 1576 daAuts
     D:4: 1575 daAuts
    D:12: 1381 daAuts
     D:5: 1307 daAuts
     D:1: 1215 daAuts
     D:2: 1163 daAuts
     D:3: 798 daAuts
     D:9: 736 daAuts
     D:7: 351 daAuts
    D:13: 222 daAuts
